 Dungeon Crawl Stone Soup version 0.31.0-12-g77e489cdc1 (webtiles) character file.

Game seed: 16107002204385442786

252 KennySheep the Shooter (level 5, -13/29 HPs)
             Began as a Deep Elf Hunter on Mar 2, 2024.
             Killed by divine providence
             ... invoked by an orc priest
              (14 damage)
             ... on level 4 of the Dungeon.
             The game lasted 00:04:02 (1846 turns).

KennySheep the Shooter (Deep Elf Hunter)            Turns: 1846, Time: 00:04:02

Health: -13/29     AC:  5    Str:  8    XL:     5   Next: 89%
Magic:  7/7        EV: 13    Int: 14    God:
Gold:   231        SH:  0    Dex: 20    Spells: 4/4 levels left

rFire   . . .        a - +0 shortbow
rCold   . . .        (shield currently unavailable)
rNeg    . . .        c - +0 leather armour
rPois   .            (no helmet)
rElec   .            k - +1 cloak
rCorr   .            (no gloves)
SInv    .            (no boots)
Will    .....        (no amulet)
Stlth   +++          (no ring)
HPRegen 0.24/turn    (no ring)
MPRegen 0.10/turn

%: no passive effects
@: no status effects
A: no striking features
a: no special abilities


You were on level 4 of the Dungeon.
You visited 1 branch of the dungeon, and saw 4 of its levels.

You collected 231 gold pieces.

Inventory:

Hand Weapons
 a - a +0 shortbow (weapon)
Armour
 c - a +0 leather armour (worn)
 k - a +1 cloak (worn)
Wands
 m - a wand of polymorph (3)
 n - a wand of flame (11)
 w - a wand of charming (13)
Scrolls
 b - a scroll of butterflies
 e - 2 scrolls of vulnerability
 f - a scroll of amnesia
 h - a scroll of enchant weapon
 i - a scroll of enchant armour
 l - 2 scrolls of teleportation {unknown}
 q - a scroll of blinking
 s - 3 scrolls of poison {unknown}
 t - a scroll of summoning {unknown}
 u - a scroll of noise {unknown}
 v - a scroll of identify
Potions
 d - a potion of invisibility {unknown}
 g - a potion of curing
 j - 2 potions of heal wounds {unknown}
 o - a potion of ambrosia {unknown}
 p - a potion of berserk rage {unknown}
 r - a potion of cancellation {unknown}


   Skills:
 - Level 1.5 Fighting
 * Level 7.7 Ranged Weapons
 + Level 4.2 Dodging
 + Level 3.9 Stealth


You had 4 spell levels left.
You didn't know any spells.
Your spell library contained the following spells:

 Spells                   Type           Power      Damage    Failure   Level
 Necrotise                Necr           0%         1d4       38%         1
 Call Imp                 Summ           0%         N/A       54%         2
 Cigotuvi's Dreadful Rot  Necr/Alch/Air  0%         N/A       54%         2
 Ensorcelled Hibernation  Hex/Ice        0%         N/A       54%         2
 Sublimation of Blood     Necr           0%         N/A       54%         2
 Call Canine Familiar     Summ           0%         N/A       77%         3
 Passwall                 Erth           0%         N/A       77%         3
 Sigil of Binding         Hex            0%         N/A       77%         3
 Swiftness                Air            0%         N/A       77%         3
 Vampiric Draining        Necr           0%         2d6       77%         3
 Dimensional Bullseye     Hex/Tloc       0%         N/A       99%         4
 Ignite Poison            Fire/Alch      0%         N/A       99%         4
 Martyr's Knell           Necr/Summ      0%         N/A       99%         4
 Curse of Agony           Necr           0%         N/A       100%        5
 Freezing Cloud           Conj/Ice/Air   0%         6-21      100%        5
 Summon Hydra             Summ           0%         N/A       100%        7


Dungeon Overview and Level Annotations

Branches:
Dungeon (4/15)
 Temple: D:4-7

Altars:


Message History

There is a stone staircase leading down, spattered with blood here.
You see here an iguana corpse.
You see here a giant cockroach corpse.
j - 2 sedimented pink potions (gained 1)
An orc comes into view. It is wielding a +0 whip of venom.
An orc is nearby!
An orc is nearby!
You shoot an arrow.
The arrow hits the orc but does no damage.
The orc shouts!
An orc wizard comes into view. It is wielding a +2 dagger of speed.
You shoot an arrow. The orc wizard shouts!
The arrow hits the orc!
You kill the orc!
A ball python comes into view.
You shoot an arrow. The arrow barely misses the orc wizard.
The ball python hisses angrily.
You hear a shout!
An orc priest comes into view. It is wielding a +0 club.
An orc wizard comes into view. It is wielding a +0 dagger.
The orc wizard shouts!
You shoot an arrow. The orc priest shouts!
The arrow hits the orc wizard!
The orc wizard is almost dead.
The orc priest mumbles some strange prayers to Beogh against you.
Beogh smites you!
You shoot an arrow.
The arrow closely misses the orc wizard.
The arrow barely misses the orc priest.
An orc priest comes into view. It is wielding a +0 hand axe.
The orc wizard casts a spell at you. The puff of flame misses you.
The orc priest mumbles some strange prayers to Beogh against you.
Beogh smites you!
Ouch! That really hurt!
* * * LOW HITPOINT WARNING * * *
The orc priest invokes the aid of Beogh against you.
Beogh smites you!
You die...

#### ..... ##..o).
.. #### .......
#.## ... .#..o..
...# #.# ##o......
#..
#.#####.S..o... .
#.###....@..# ..
#..#....#####
......###...##..#
.........#..###.#
............# #.#
#.......#...###.#
#...........##.#
.....##...##.####
#...#
##...###........##
#...#


You could see 2 orc priests, 2 orc wizards and a ball python.

Vanquished Creatures
  A scorpion (D:4)
  An iguana (D:4)
  Ijyb (D:3)
  Jessica (D:3)
  Terence (D:3)
  An adder (D:2)
  3 dart slugs
  A ribbon worm (D:2)
  An orc (D:4)
  6 endoplasms
  4 giant cockroaches
  5 goblins
  4 hobgoblins
  9 jackals
  5 kobolds
  2 quokkas (D:1)
  7 ball pythons
  3 bats
  5 frilled lizards
  5 rats (D:1)
66 creatures vanquished.

Notes
Turn   | Place    | Note
-------+----------+-------------------------------------------
     0 | D:1      | KennySheep the Deep Elf Hunter began the quest for the Orb.
     0 | D:1      | Reached XP level 1. HP: 12/12 MP: 3/3
   147 | D:1      | Reached XP level 2. HP: 16/16 MP: 4/4
   290 | D:1      | Reached skill level 6 in Ranged Weapons
   342 | D:1      | Reached XP level 3. HP: 20/20 MP: 5/5
   953 | D:2      | Identified the +2 robe of the Distant Future {rC- rN++
                  | Str-4 Int+3}
  1168 | D:3      | Noticed Terence
  1175 | D:3      | Reached XP level 4. HP: 23/25 MP: 6/6
  1184 | D:3      | Killed Terence
  1297 | D:3      | Noticed Ijyb
  1312 | D:3      | Killed Ijyb
  1371 | D:3      | Reached skill level 7 in Ranged Weapons
  1405 | D:3      | Noticed Jessica
  1406 | D:3      | Killed Jessica
  1407 | D:3      | Reached XP level 5. HP: 29/29 MP: 7/7
  1844 | D:4      | HP: 1/29 [orc priest/divine providence (16)]
  1846 | D:4      | Killed from afar by an orc priest

Illustrated notes

Levels and vault maps discovered:
D:1:      dpeg_arrival_rhombus, layout_loops_ring
D:2:      layout_rooms
D:3:      layout_rooms, amcnicky_mini_pool_small, uniq_terence, uniq_ijyb,
          uniq_jessica
D:4:      layout_rooms, lexackson_kobold_supper, uniq_menkaure

Skill      XL: |  1  2  3  4  5 |
---------------+----------------+-----
Stealth        | 2 3 |  3.9
Ranged Weapons | 6 7 |  7.7
Dodging        | 3 4 |  4.2
Fighting       | |  1.5

Action                     |  1- 3 |  4- 6 || total
---------------------------+-------+-------++-------
   Fire: Shortbow          |   112 |    82 ||   194
    Use: Scroll            |       |     5 ||     5
         Potion            |       |     2 ||     2
 Armour: Leather armour    |    18 |    18 ||    36
  Dodge: Dodged            |    34 |    33 ||    67
